 Dungeon Crawl Stone Soup version 0.27.1-2-g3b301248ec (webtiles) character file.

Game seed: 5849009756500774865

7388 CuBeRJAN3 the Thaumaturge (level 10, -1/61 HPs)
             Began as a Deep Elf Fire Elementalist on Oct 4, 2021.
             Was a Follower of Vehumet.
             Slain by a seven-headed hydra (9 damage)
             ... on level 10 of the Dungeon on Oct 5, 2021.
             The game lasted 01:25:29 (19624 turns).

CuBeRJAN3 the Thaumaturge (DEFE)                   Turns: 19624, Time: 01:25:30

Health: -1/61      AC:  9    Str:  5    XL:     10   Next: 92%
Magic:  26/26      EV: 20    Int: 24    God:    Vehumet [*.....]
Gold:   69         SH:  0    Dex: 15    Spells: 10/29 levels left

rFire    . . .     SeeInvis .   C - +2 short sword
rCold    + . .     Faith    .   (no shield)
rNeg     . . .     Spirit   .   a - +2 robe
rPois    .         Reflect  .   (no helmet)
rElec    .         Harm     .   f - +0 cloak
rCorr    .         Rampage  .   j - +0 pair of gloves
Will     +....                  p - +2 pair of boots
Stlth    ++++......             I - amulet of magic regeneration
HPRegen  0.20/turn              r - ring of protection from cold
MPRegen  0.45/turn              A - ring of the Hare {EV+8}

@: no status effects
A: no striking features
a: Renounce Religion


You were on level 10 of the Dungeon.
You worshipped Vehumet.
Vehumet was aware of your devotion.
You visited 3 branches of the dungeon, and saw 12 of its levels.

You collected 519 gold pieces.
You spent 450 gold pieces at shops.

Inventory:

Hand Weapons
 C - a +2 short sword (weapon)
Missiles
 u - a throwing net
Armour
 a - a +2 robe (worn)
 f - a +0 cloak (worn)
 j - a +0 pair of gloves (worn)
 p - a +2 pair of boots (worn)
 v - a +2 scale mail of cold resistance
Jewellery
 r - a ring of protection from cold (left hand)
 A - the ring of the Hare (right hand) {EV+8}
   (You found it on level 8 of the Dungeon)

   [ring of evasion]

   EV:        It affects your evasion (+8).
 I - an amulet of magic regeneration (around neck)
Wands
 g - a wand of paralysis (5)
Scrolls
 c - a scroll of fear {unknown}
 h - 2 scrolls of teleportation
 i - 3 scrolls of noise
 k - a scroll of fog
 o - a scroll of summoning {unknown}
 q - a scroll of enchant weapon {unknown}
 s - 3 scrolls of vulnerability
 t - 3 scrolls of torment
 x - a scroll of silence {unknown}
 y - 2 scrolls of blinking {unknown}
 z - 2 scrolls of magic mapping
Potions
 e - 3 potions of curing
 l - 4 potions of haste
 m - 2 potions of lignification
 n - a potion of cancellation
 w - 2 potions of brilliance {unknown}
 B - a potion of ambrosia
 D - a potion of degeneration {unknown}
 E - a potion of flight {unknown}
 G - 2 potions of attraction {unknown}
 H - a potion of invisibility {unknown}


   Skills:
 * Level 6.8 Fighting
 - Level 2.4 Dodging
 + Level 8.7 Stealth
 + Level 10.1 Spellcasting
 + Level 7.0 Conjurations
 - Level 1.4 Hexes
 + Level 6.5 Translocations
 + Level 7.8 Fire Magic


You had 10 spell levels left.
You knew the following spells:

 Your Spells              Type           Power      Damage    Failure   Level
a - Foxfire               Conj/Fire      100%       2x1d9     1%          1
b - Conjure Flame         Conj/Fire      48%        6-21      1%          3
c - Sticky Flame          Conj/Fire      48%        2d7       2%          4
d - Inner Flame           Hex/Fire       34%        N/A       2%          3
e - Fireball              Conj/Fire      24%        3d11      7%          5
f - Teleport Other        Tloc           43%        N/A       1%          3

Your spell library contained the following spells:

 Spells                   Type           Power      Damage    Failure   Level
 Shock                    Conj/Air       100%       1d9       1%          1
 Magic Dart               Conj           100%       1d8       1%          1
 Gell's Gravitas          Tloc           21%        N/A       1%          3
 Mephitic Cloud           Conj/Pois/Air  23%        N/A       6%          3
 Call Imp                 Summ           12%        N/A       8%          2
 Dispersal                Tloc           21%        N/A       50%         6


Dungeon Overview and Level Annotations

Branches:
Dungeon (10/15)            Temple (1/1) D:7            Lair (1/6) D:10
    Orc (0/2) D:9

Altars:
Ashenzari
Cheibriados
Dithmenos
Elyvilon
Fedhas
Gozag
Hepliaklqana
Kikubaaqudgha
Makhleb
Nemelex Xobeh
Okawaru
Qazlal
Ru
Sif Muna
Trog
Uskayaw
Vehumet
Wu Jian
Xom
Yredelemnul
Zin
The Shining One

Shops:
D:9 (   D:10 *

Annotations:
D:3 1 exclusion
D:4 2 transporters, sneaky's ghost, amateur MfGl


Message History

There is a staircase to the Lair, spattered with blood here.
You climb downwards.
Welcome back to the Lair of Beasts!
You feel a wave of frost pass over you.
There is an entrance to an ice cave on this level.
Hurry and find it before the portal melts!
The walls and floor vibrate strangely for a moment.
The seven-headed hydra barely misses you.
The seven-headed hydra closely misses you.
The seven-headed hydra barely misses you.
The seven-headed hydra bites you!
The seven-headed hydra completely misses you.
The seven-headed hydra bites you! x2
There is a staircase back to the Dungeon, spattered with blood here.
The seven-headed hydra bites you but does no damage.
The seven-headed hydra closely misses you.
The seven-headed hydra bites you but does no damage.
The seven-headed hydra barely misses you.
The seven-headed hydra closely misses you.
The seven-headed hydra bites you but does no damage.
The seven-headed hydra bites you.
You climb upwards.
Welcome back to the Dungeon!
There is a staircase to the Lair, spattered with blood here.
Okay, then.
Press: ? - help, v - describe, . - travel A staircase to the Lair, spattered with blood.
Okay, then.
Press: ? - help, v - describe, . - travel
Here: a seven-headed hydra The floor.
You hit the seven-headed hydra.
The seven-headed hydra is lightly wounded.
The seven-headed hydra bites you! The seven-headed hydra misses you. x2
The seven-headed hydra barely misses you.
The seven-headed hydra bites you.
* * * LOW HITPOINT WARNING * * *
The seven-headed hydra completely misses you.
The seven-headed hydra bites you!
* * * LOW HITPOINT WARNING * * *
The seven-headed hydra closely misses you.
The seven-headed hydra bites you!
You die...

####...##.##....#................
...#...##.##....##+#######.......
##.#.............#.......#.......
##.#.............#....[..#.......
##.#......####.....####..#.......
##.#......##.........##..#.......
##.########........P..####..(....
.............P......P..###+######
................@................
................D................
###.......#...........#..........
..#.......##.........##..........
..#.......####.....####..........
..#...............#..............
..#...............#......####+###
..#...########....#......##......
###...............#########......


You could see a seven-headed hydra.

Vanquished Creatures
  A two-headed ogre (D:9)
  2 trolls (D:10)
  2 shadows
  3 wyverns
  7 yaks (D:10)
  2 basilisks (D:10)
  A steam dragon (D:10)
  4 hogs (D:7)
  A human (D:7)
  Edmund (D:5)
  3 water moccasins
  3 orc warriors
  A black bear (D:8)
  2 ogres
  5 centaurs
  A kobold brigand (D:9)
  A water moccasin zombie (D:6)
  A bullfrog (D:6)
  A scorpion (D:6)
  A gnoll sergeant (D:10)
  A killer bee (D:8)
  10 wights
  2 howler monkeys (D:10)
  3 orc priests
  6 jellies
  Crazy Yiuf (D:5)
  2 bullfrog skeletons (D:7)
  2 centaur skeletons
  6 centaur zombies
  4 hounds
  2 iguanas
  3 orc wizards (D:8)
  2 howler monkey zombies (D:9)
  17 gnolls
  10 adders
  2 shadow imps (D:5)
  3 white imps
  2 adder skeletons (D:4)
  3 dart slugs
  2 worms (D:3)
  26 orcs
  8 ball pythons
  6 bats
  6 endoplasms
  A giant cockroach (D:2)
  4 goblins
  8 hobgoblins
  4 jackals (D:2)
  11 kobolds
  3 quokkas
  8 rats
211 creatures vanquished.

Vanquished Creatures (others)
  677 foxfires
  2 fungi (D:10)
  9 plants
  6 toadstools (Lair:1)
694 creatures vanquished.

Grand Total: 905 creatures vanquished

Notes
Turn   | Place    | Note
-------+----------+-------------------------------------------
     0 | D:1      | CuBeRJAN3 the Deep Elf Fire Elementalist began the quest
                  | for the Orb.
     0 | D:1      | Reached XP level 1. HP: 10/10 MP: 6/6
   325 | D:1      | Reached XP level 2. HP: 13/15 MP: 8/8
  1556 | D:2      | Reached XP level 3. HP: 20/20 MP: 6/10
  1564 | D:2      | Reached skill level 4 in Spellcasting
  1833 | D:2      | Reached XP level 4. HP: 24/24 MP: 7/12
  1921 | D:2      | Learned a level 3 spell: Conjure Flame
  1926 | D:2      | Learned a level 4 spell: Sticky Flame
  1930 | D:2      | Learned a level 3 spell: Inner Flame
  1972 | D:2      | Reached skill level 1 in Fighting
  3282 | D:3      | Found a white marble altar of Elyvilon.
  3462 | D:3      | Noticed a scorpion
  3537 | D:3      | Reached skill level 1 in Hexes
  3556 | D:3      | Found a glowing golden altar of the Shining One.
  3831 | D:3      | Reached XP level 5. HP: 18/29 MP: 10/14
  4373 | D:3      | Reached skill level 5 in Spellcasting
  5154 | D:3      | Reached XP level 6. HP: 29/34 MP: 12/15
  5431 | D:4      | Reached skill level 1 in Translocations
  5660 | D:4      | Found a transporter.
  5660 | D:4      | Identified the +10 great mace of Trauma {flame, rCorr}
  6250 | D:4      | Noticed sneaky's ghost (amateur MfGl)
  6251 | D:4      | Found a transporter.
  6468 | D:5      | Entered Level 5 of the Dungeon
  6488 | D:5      | Learned a level 5 spell: Fireball
  6712 | D:5      | Reached skill level 6 in Spellcasting
  6712 | D:5      | Reached XP level 7. HP: 33/39 MP: 11/18
  7164 | D:5      | Noticed Edmund
  7841 | D:5      | Killed Edmund
  8015 | D:5      | Reached skill level 5 in Stealth
  8015 | D:5      | Reached skill level 7 in Spellcasting
  8155 | D:5      | Reached skill level 5 in Fire Magic
  8214 | D:5      | Found a runed translucent door.
  8215 | D:5      | Noticed Crazy Yiuf
  8233 | D:5      | Killed Crazy Yiuf
  8617 | D:5      | Reached XP level 8. HP: 31/45 MP: 16/21
 10392 | D:6      | Reached skill level 8 in Spellcasting
 11600 | D:7      | Reached XP level 9. HP: 51/52 MP: 12/23
 11613 | D:7      | Reached skill level 5 in Conjurations
 12061 | D:7      | Learned a level 3 spell: Teleport Other
 12653 | D:7      | Found a staircase to the Ecumenical Temple.
 12662 | Temple   | Entered the Ecumenical Temple
 12920 | Temple   | Became a worshipper of Vehumet
 13246 | D:8      | Found a shimmering altar of Xom.
 13429 | D:8      | Found the ring of the Hare {EV+8}
 14079 | D:8      | Reached skill level 5 in Fighting
 14207 | D:8      | Reached skill level 5 in Translocations
 14341 | D:8      | Reached skill level 9 in Spellcasting
 14430 | D:8      | Found a bloodstained altar of Trog.
 15291 | D:8      | Found a sacrificial altar of Ru.
 15701 | D:9      | Noticed a two-headed ogre
 15707 | D:9      | Killed a two-headed ogre
 15708 | D:9      | Reached XP level 10. HP: 60/60 MP: 20/25
 16091 | D:9      | Found Louschyh's Firing Range.
 16650 | D:9      | Found a staircase to the Orcish Mines.
 16739 | D:9      | Found a shimmering blue altar of Sif Muna.
 16799 | D:10     | Entered Level 10 of the Dungeon
 16889 | D:10     | Found a staircase to the Lair.
 16912 | D:10     | Found a hazy altar of Hepliaklqana.
 16952 | D:10     | Reached * piety under Vehumet
 16952 | D:10     | Offered knowledge of Shock by Vehumet.
 17855 | D:10     | Reached skill level 10 in Spellcasting
 18410 | D:10     | Found Luripp's Neck Hole.
 18431 | D:10     | Bought an amulet of magic regeneration for 450 gold pieces
 18674 | Lair:1   | Entered Level 1 of the Lair of Beasts
 18681 | Lair:1   | Noticed a cane toad
 18703 | Lair:1   | Noticed a seven-headed hydra
 19624 | D:10     | Slain by a seven-headed hydra

Illustrated notes

Levels and vault maps discovered:
D:1:      nagdon_arrival_double_spiral, layout_basic, st_stairs_13
D:2:      layout_basic
D:3:      layout_loops_corners, mainiacjoe_overflow_cross_hatched,
          nicolae_elyvilon_peaceful_grove
D:4:      layout_basic, gammafunk_ghost_smash, st_stairs_9
D:5:      layout_basic, grunt_ministairs_11, uniq_edmund,
          uniq_crazy_yiuf_cottage
D:6:      layout_basic, kennysheep_windowed_goal
D:7:      layout_loops_ring, temple_hall, grunt_livestock
D:8:      layout_loops_cross, mainiacjoe_overflow_alcove_2, lemuel_tele_altar,
          mainiacjoe_overflow_alcove_1, hangedman_decor_peaks_small
D:9:      layout_big_octagon, nicolae_sif_muna_little_library, orc_0_dummy,
          chequers_serial_rivers_marsh, nicolae_shop_firing_range
D:10:     layout_stronghold, nicolae_hepliaklqana_hazy_memory,
          david_lair_generic, nicolae_shop_sticking_my_neck_out
Temple:   regret_index_temple_generic_petals
Lair:1:   gammafunk_lair_enchanted_lake, layout_chaotic_city,
          portal_ice_cave_entry_pillars_2, nicolae_quartered_pool_little

Skill      XL: |  1  2  3  4  5  6  7  8  9 10 |
---------------+-------------------------------+-----
Stealth        | 3 4 5 6 7 8 |  8.7
Spellcasting   | 4 5 6 7 8 9 10 | 10.1
Conjurations   | 2 3 4 6 7 |  7.0
Fighting       | 1 2 4 5 6 |  6.8
Hexes          | 1 |  1.4
Fire Magic     | 4 5 7 |  7.8
Translocations | 1 2 4 5 6 |  6.5
Dodging        | |  2.4

Action                   |  1- 3 |  4- 6 |  7- 9 | 10-12 || total
-------------------------+-------+-------+-------+-------++-------
Melee: Dagger            |    46 |    41 |     4 |       ||    91
       Unarmed           |     1 |       |       |       ||     1
       Short sword       |       |       |       |     1 ||     1
 Cast: Foxfire           |    51 |   127 |   200 |    89 ||   467
       Conjure Flame     |       |     7 |    46 |     2 ||    55
       Inner Flame       |       |     5 |    16 |     6 ||    27
       Sticky Flame      |       |       |    16 |    16 ||    32
       Teleport Other    |       |       |     4 |     4 ||     8
       Fireball          |       |       |       |    18 ||    18
  Use: Scroll            |       |     4 |     2 |    11 ||    17
 Stab: Sleeping          |     1 |     1 |       |       ||     2
Armor: Robe              |    38 |    19 |    40 |    12 ||   109
Dodge: Dodged            |    57 |    57 |   107 |    65 ||   286
